 Dungeon Crawl Stone Soup version 0.29-a0-23-ga79f92ac9c (webtiles) character file.

Game seed: 9201795281651801926

35 HallandMoats the Ruffian (level 3, 31/31 HPs)
             Began as a Ghoul Monk on Jan 30, 2022.
             Was a Believer of Fedhas.
             Safely got out of the dungeon.
             The game lasted 00:01:57 (1194 turns).

HallandMoats the Ruffian (Ghoul Monk)               Turns: 1194, Time: 00:01:58

Health: 31/31      AC:  5    Str: 16    XL:     3   Next: 35%
Magic:  2/2        EV: 12    Int:  5    God:    Fedhas [**....]
Gold:   31         SH:  0    Dex: 17    Spells: 2/2 levels left

rFire   . . .      SeeInvis .     - Unarmed
rCold   + . .      Faith    .   (no shield)
rNeg    + + +      Spirit   .   b - +0 ring mail
rPois   ∞          Reflect  .   (no helmet)
rElec   .          Harm     .   (no cloak)
rCorr   .          Rampage  .   (no gloves)
Will    .....                   (no boots)
Stlth   ++........              (no amulet)
HPRegen 0.10/turn               a - +6 ring of dexterity
MPRegen 0.08/turn               (no ring)

@: no status effects
A: claws 1, cold resistance 1, negative energy resistance 3, inhibited
regeneration, torment resistance 2
a: Renounce Religion, Wall of Briars


You escaped.
You worshipped Fedhas.
Fedhas was pleased with you.
You visited 1 branch of the dungeon, and saw 2 of its levels.

You collected 176 gold pieces.
You spent 145 gold pieces at shops.

Inventory:

Armour
 b - a +0 ring mail (worn)
Jewellery
 a - a +6 ring of dexterity (left claw)
Scrolls
 c - a scroll of identify {unknown}
 d - a scroll of teleportation {unknown}
 f - a scroll of blinking
Potions
 e - a potion of might


   Skills:
 + Level 3.6 Fighting
 + Level 1.0 Armour
 + Level 3.0 Dodging
 - Level 2.1 Stealth
 + Level 3.6 Unarmed Combat
 + Level 1.1 Invocations


You had 2 spell levels left.
You didn't know any spells.
Your spell library was empty.

Dungeon Overview and Level Annotations

Branches:
Dungeon (2/15)

Altars:
Fedhas

Shops:
D:1 !!*(=   D:2 :*


Innate Abilities, Weirdness & Mutations

You thrive by killing the living.
You are immune to poison.
You have sharp fingernails.
Your flesh is cold resistant. (rC+)
You are immune to negative energy. (rN+++)
You do not regenerate when monsters are visible.
You are immune to unholy pain and torment.


Message History

A ball python comes into view.
The ball python hisses angrily.
A ball python is nearby!
A ball python is nearby!
A ball python is nearby!
A ball python is nearby!
Found 12 sling bullets.
Found a stone staircase leading down.
You scratch the ball python.
You kill the ball python!
Fedhas appreciates your contribution to the ecosystem.
Your Armour skill increases to level 1!
No target in view!
No target in view!
No target in view!
No target in view!
No target in view!
No target in view!
No target in view!
No target in view!
No target in view!
No target in view!
No target in view!
No target in view!
No target in view!
No target in view!
(D) Dungeon
Where to? (Enter - D:2, ? - help)
What level of the Dungeon? (default 1, ? - help)
You see here a +0 hand axe.
There is a stone staircase leading up here.
You climb upwards.
There is a stone staircase leading down here.
There is an entrance to Penachuifi's Antique Weapon Boutique here.
There is an open door here.
There is a fountain of clear blue water here.
There is a dry fountain here.
There is a dry fountain here.
There is a staircase leading out of the dungeon here.
Are you sure you want to leave the Dungeon?
This will make you lose the game!
You have escaped!

##.###.###.##.#
#...#...#...#.#
#.⌠.#.⌠.#.⌠.#.#
#...#...#...#.#
##.###.###.##.#
#.# #.# #.##.#
##.###.###.##.#
#...#...#...#.#
#.⌠...⌠.#.@.'.#
#...#...#...###
#############


There were no monsters in sight!

Vanquished Creatures
  An adder (D:2)
  2 worms (D:2)
  A dart slug (D:2)
  3 ball pythons
  An endoplasm (D:1)
  A hobgoblin (D:1)
  2 bats (D:1)
  4 frilled lizards
  2 goblins
  3 kobolds (D:1)
  A rat (D:1)
21 creatures vanquished.

Vanquished Creatures (others)
  9 plants (D:2)
9 creatures vanquished.

Grand Total: 30 creatures vanquished

Notes
Turn   | Place    | Note
-------+----------+-------------------------------------------
     0 | D:1      | HallandMoats the Ghoul Monk began the quest for the Orb.
     0 | D:1      | Reached XP level 1. HP: 19/19 MP: 0/0
    47 | D:1      | Found Peim's Jewellery Shoppe.
   115 | D:1      | Found Penachuifi's Antique Weapon Boutique.
   194 | D:1      | Reached XP level 2. HP: 22/26 MP: 1/1
   251 | D:1      | Found Natyizigill's Distillery.
   311 | D:1      | Found Keisust's Assorted Antiques.
   596 | D:1      | Found Dafaaz's Distillery.
   619 | D:1      | Bought a potion of might for 48 gold pieces
   661 | D:2      | Reached skill level 1 in Invocations
   667 | D:2      | Reached XP level 3. HP: 27/31 MP: 2/2
   760 | D:2      | Found Hicamaa's Book Shop.
   801 | D:2      | Found Iruehoi's General Store.
   853 | D:2      | Bought a scroll of blinking for 97 gold pieces
   918 | D:2      | Found a faded altar of an unknown god.
   928 | D:2      | Prayed at the altar of an unknown god.
   928 | D:2      | Became a worshipper of Fedhas Madash
   928 | D:2      | Reached * piety under Fedhas
   928 | D:2      | Reached ** piety under Fedhas
  1117 | D:2      | Reached skill level 1 in Armour
  1194 | D:$      | Safely got out of the dungeon.

Illustrated notes

Levels and vault maps discovered:
D:1:      minmay_arrival_nine_rooms, layout_basic, serial_shops,
          nicolae_shop_stone, shop, shop, nicolae_shop_stone, shop_coins,
          grunt_decor_one_mirror
D:2:      layout_loops_cross, dreamdust_ecumenical_altar_angels_and_demons,
          serial_shops, shop, nicolae_shop_statue_plus, serial_forest,
          infiniplex_forest_straight_2, infiniplex_forest_clump_large,
          infiniplex_forest_clump_C, infiniplex_forest_end_1,
          infiniplex_forest_lined_ring, infiniplex_forest_clump_C,
          infiniplex_forest_clump_cross

Skill      XL: |  1  2  3 |
---------------+----------+-----
Invocations    | 1 |  1.1
Dodging        | 3 |  3.0
Armour         | 1 |  1.0
Fighting       | |  3.6
Stealth        | |  2.1
Unarmed Combat | |  3.6

Action                   || total
-------------------------++-------
Melee: Unarmed           ||    57
       Punch             ||     2
 Stab: Sleeping          ||     2
Armor: Ring mail         ||    12
       Robe              ||     1
Dodge: Dodged            ||    24

Table legend: (Time is in decaauts)
 A = Elapsed time spent in this place.
 B = Non-inter-level travel time spent in this place.
 C = Inter-level travel time spent in this place.
 D = Time resting spent in this place.
 E = Time spent auto-exploring this place.
 F = Levels seen in this place.
 G = Mean time per level.
                   A        B        C        D        E       F      G
               +--------+--------+--------+--------+--------+-----+--------+
         Total |   1190 |   1085 |    105 |      0 |    909 |   2 |  595.0 |
       Dungeon |   1190 |   1085 |    105 |      0 |    909 |   2 |  595.0 |
               +--------+--------+--------+--------+--------+-----+--------+

Top non-repeatable levels by time:
     D:1: 701 daAuts
     D:2: 488 daAuts
